 Dungeon Crawl Stone Soup version 0.30.1-11-g7821555f0a (webtiles) character file.

Game seed: 17495048846081441809

23831 Nonny the Brawler (level 12, 0/118 HPs)
             Began as a Troll Cinder Acolyte on Oct 28, 2023.
             Was a High Priest of Ignis.
             Slain by a bog body (5 damage)
             ... on level 2 of the Lair of Beasts.
             The game lasted 00:40:28 (11533 turns).

Nonny the Brawler (Troll Cinder Acolyte)           Turns: 11533, Time: 00:40:29

Health: 0/118      AC: 10    Str: 27    XL:     12   Next: 75%
Magic:  12/12      EV:  9    Int: 10    God:    Ignis [*****.]
Gold:   680        SH:  7    Dex:  5    Spells: 13/13 levels left

rFire   + +          +
                       - Unarmed
rCold   + . .        v - +0 kite shield
rNeg    + . .        C - +0 steam dragon scales
rPois   +            (helmet restricted)
rElec   +            i - +2 cloak
rCorr   +            (gloves unavailable)
SInv    .            (boots unavailable)
Will    .....        H - amulet "Lyakel" {RegenMP rF+ Str-2 Slay+2 Stlth+}
Stlth   ++           M - ring of positive energy
HPRegen 1.19/turn    x - ring of flight
MPRegen 0.53/turn

%: no passive effects
@: resistant, flying, slowed, very slow
A: large, unfitting armour, claws 3, regeneration 1, shaggy fur 1, tough skin 1
a: Renounce Religion, Fiery Armour, Foxfire Swarm, Rising Flame


You were on level 2 of the Lair of Beasts.
You worshipped Ignis.
Ignis was extremely pleased with you.
You visited 4 branches of the dungeon, and saw 14 of its levels.
You also visited: Sewer and Volcano.

You collected 812 gold pieces.
You spent 132 gold pieces at shops.

Inventory:

Hand Weapons
 g - the +5 trident of Megalomania {flame, *Noise Fly rPois Dex+2}
   (You found it on level 5 of the Dungeon)

   Dex:       It affects your dexterity (+2).
   rPois:     It protects you from poison.
   Fly:       It grants you flight.
   *Noise:    It may make noises in combat.
Missiles
 b - 5 datura-tipped darts
 h - 12 atropa-tipped darts (quivered)
 j - a throwing net
 k - 5 silver boomerangs
 n - 47 poisoned darts
 B - 3 curare-tipped darts
Armour
 i - a +2 cloak (worn)
 v - a +0 kite shield (worn)
 C - +0 steam dragon scales (worn)
 I - a +1 robe of cold resistance
Jewellery
 l - a ring of magical power
 x - a ring of flight (right claw)
 H - the amulet "Lyakel" (around neck) {RegenMP rF+ Str-2 Slay+2 Stlth+}
   (You found it on level 9 of the Dungeon)

   [amulet of magic regeneration]

   It increases your rate of magic regeneration.
   Str:       It affects your strength (-2).
   Slay:      It affects your accuracy & damage with ranged weapons and melee
   (+2).
   rF:        It protects you from fire.
   Stlth:     It makes you more stealthy.
 K - a ring of magical power
 M - a ring of positive energy (left claw)
Wands
 r - a wand of charming (3)
 w - a wand of polymorph (5)
 D - a wand of digging (4)
 L - a wand of flame (7)
Scrolls
 a - 2 scrolls of noise
 m - 11 scrolls of teleportation
 p - a scroll of vulnerability
 y - a scroll of blinking
 z - 2 scrolls of immolation
Potions
 c - 6 potions of curing
 d - 2 potions of flight
 e - a potion of mutation
 f - 4 potions of might
 o - 2 potions of haste {unknown}
 q - 3 potions of lignification
 s - 4 potions of brilliance
 t - a potion of attraction {unknown}
 u - a potion of invisibility
 A - 2 potions of cancellation {unknown}
 J - a potion of ambrosia {unknown}
Miscellaneous
 F - a piece from Xom's chessboard (15/15)
 G - a phial of floods


   Skills:
 + Level 7.1 Fighting
 - Level 2.4 Long Blades
 - Level 1.0 Throwing
 + Level 4.6 Dodging
 + Level 5.3 Shields
 - Level 18.0 Unarmed Combat
 + Level 1.0 Spellcasting
 - Level 2.1 Fire Magic


You had 13 spell levels left.
You didn't know any spells.
Your spell library contained the following spells:

 Spells                   Type           Power      Damage    Failure   Level
 Scorch                   Fire           8%         2d5       38%         2
 Blink                    Tloc           0%         N/A       69%         2
 Cigotuvi's Dreadful Rot  Necr/Pois/Air  0%         N/A       69%         2
 Ensorcelled Hibernation  Hex/Ice        0%         N/A       69%         2
 Lesser Beckoning         Tloc           0%         N/A       69%         2
 Momentum Strike          Conj/Tloc      0%         3d8       69%         2
 Passwall                 Tmut/Erth      0%         N/A       69%         2
 Ignite Poison            Fire/Tmut/Pois 1%         N/A       83%         3
 Swiftness                Air            0%         N/A       89%         3
 Animate Armour           Summ/Erth      0%         N/A       100%        4
 Animate Dead             Necr           0%         N/A       100%        4
 Olgreb's Toxic Radiance  Pois           0%         N/A       100%        4
 Blade Hands              Tmut           0%         N/A       100%        5
 Borgnjor's Vile Clutch   Necr/Erth      0%         N/A       100%        5
 Freezing Cloud           Conj/Ice/Air   0%         6-21      100%        5
 Death Channel            Necr           0%         N/A       100%        6
 Iron Shot                Conj/Erth      0%         9d1       100%        6
 Discord                  Hex            0%         N/A       100%        8
 Ignition                 Fire           2%         3d3       100%        8


Dungeon Overview and Level Annotations

Branches:
Dungeon (10/15)            Temple (1/1) D:5            Lair (2/5) D:10
  Swamp (0/4) Lair:2          Orc (1/2) D:9           Sewer (visited)
Volcano (visited)
  Snake: Lair:2-3    Spider: Lair:2-3

Altars:
Ashenzari
Cheibriados
Dithmenos
Elyvilon
Fedhas
Gozag
Hepliaklqana
Kikubaaqudgha
Makhleb
Nemelex Xobeh
Okawaru
Qazlal
Ru
Sif Muna
Trog
Uskayaw
Vehumet
Wu Jian
Xom
Yredelemnul
Zin
The Shining One

Shops:
D:10 *

Annotations:
Lair:1 exclusion: oklob plant
Lair:2 2 transporters, middlethird's ghost, journeyman VSNe
Orc:1 Nergalle


Innate Abilities, Weirdness & Mutations

You are too large for most types of armour.
You have claws for hands.
Your natural rate of healing is unusually fast.
You are covered in fur. (AC +1)
You have tough skin. (AC +1)


Message History

The bog body is moderately damaged.
The bog body points at you and mumbles some strange words.
You feel yourself slow down.
The bog body points at you and mumbles some strange words.
You feel as though you will be slow longer.
Unknown command.
You feel protected. The bog body closely misses you.
Unknown command.
You puncture the bog body! You burn the bog body.
The bog body is heavily damaged.
You hear the crackling of a melting archway nearby.
A nearby fungus withers and dies.
You block the bog body's attack. The bog body touches you!
* * * LOW HITPOINT WARNING * * *
The bog body freezes you! You resist.
* * * LOW HITPOINT WARNING * * *
You feel better. The bog body closely misses you.
The bog body barely misses you.
Unknown command.
You closely miss the bog body.
The bog body is heavily damaged.
The bog body touches you.
* * * LOW HITPOINT WARNING * * *
The bog body freezes you. You resist.
* * * LOW HITPOINT WARNING * * *
The bog body barely misses you.
The +5 trident of Megalomania {flame, *Noise Fly rPois Dex+2} stops flaming.
You are now empty-clawed.
Unknown command.
You barely miss the bog body.
The bog body is heavily damaged.
The bog body touches you but does no damage.
Unknown command.
You closely miss the bog body.
The bog body is heavily damaged.
The bog body touches you!
* * * LOW HITPOINT WARNING * * *
The bog body freezes you. You resist.
You die...

. ##.........#....#
...... . #.........##..P#
...... .
......#........###......
.....P###.......P#.......
.##... #.....#..##.......
... #...##...#.#......
#..........).......
#...♣~~............
#..~♣~§~n@.#...#...
...♣~§§§§.##P......
.~~§§§§.# ...##..
..§♣§§§.# #...# .
......... ...# #...#P..#
..#. #$.##.... ?.. .....


You could see a bog body.

Vanquished Creatures
  A fire dragon (Volcano)
  A hydra (Lair:2)
  Fannar (D:9)
  A boulder beetle (D:9)
  A centaur warrior (D:9)
  2 two-headed ogres (D:9)
  A tengu warrior (D:8)
  A skyshark (Lair:1)
  A lindwurm (Volcano)
  2 deep elf pyromancers (D:9)
  Pikel (D:4)
  Joseph (D:7)
  A black mamba (Lair:2)
  3 elephants (Lair:1)
  2 molten gargoyles (Volcano)
  3 cane toads (Lair:1)
  2 gargoyles (D:10)
  A kobold demonologist (D:7)
  4 unseen horror zombies (D:8)
  A rime drake (Lair:2)
  A tengu conjurer (D:9)
  A komodo dragon (Lair:1)
  A troll (D:10)
  12 yaks
  2 shadows (D:9)
  2 wyverns
  6 fire bats (Volcano)
  2 wraiths (D:9)
  4 steam dragons
  A basilisk (Lair:2)
  Edmund (D:4)
  6 water moccasins
  A hell hound (Volcano)
  8 orc warriors
  3 black bears
  An ice beast (D:8)
  Pargi (Sewer)
  3 ogres
  10 wolves
  3 centaurs
  4 lemures (D:4)
  A phantom (D:7)
  6 kobold brigands
  6 bullfrogs
  A gnoll sergeant (D:9)
  3 scorpions
  8 wights
  3 killer bees (D:9)
  3 electric eels (D:10)
  5 howler monkeys
  3 centaur zombies (D:8)
  9 lava snakes (Volcano)
  8 orc priests
  3 sleepcaps
  6 iguanas
  12 orc wizards
  A killer bee zombie (D:8)
  4 howler monkey zombies (D:8)
  Robin (D:2)
  3 gnolls (D:9)
  8 adders
  A river rat (D:10)
  4 shadow imps
  3 white imps
  2 ufetubi
  A worm (D:3)
  A dart slug (D:2)
  46 orcs
  5 ball pythons
  12 endoplasms
  12 giant cockroaches
  20 goblins
  7 hobgoblins
  3 jackals (D:3)
  32 kobolds
  4 quokkas
  7 bats
  8 frilled lizards
  7 rats
373 creatures vanquished.

Notes
Turn   | Place    | Note
-------+----------+-------------------------------------------
     0 | D:1      | Nonny the Troll Cinder Acolyte began the quest for the Orb.
     0 | D:1      | Reached XP level 1. HP: 22/22 MP: 1/1
     5 | D:1      | Book of Spatial Translocations
   188 | D:2      | Reached XP level 2. HP: 25/29 MP: 2/2
   231 | D:2      | Reached skill level 1 in Unarmed Combat
   450 | D:2      | Noticed Robin
   466 | D:2      | Killed Robin
   467 | D:2      | Reached XP level 3. HP: 26/37 MP: 3/3
   738 | D:1      | Reached skill level 2 in Unarmed Combat
  1033 | D:1      | Reached XP level 4. HP: 45/45 MP: 4/4
  1721 | D:3      | Reached skill level 3 in Unarmed Combat
  1742 | D:3      | Reached XP level 5. HP: 30/53 MP: 5/5
  2444 | D:4      | Reached skill level 4 in Unarmed Combat
  2483 | D:4      | Found a glowing drain.
  2500 | D:4      | Sewer entrance at center of floor.
  2519 | Sewer    | Entered a sewer
  2612 | Sewer    | Noticed Pargi
  2630 | Sewer    | Killed Pargi
  2631 | Sewer    | Reached XP level 6. HP: 45/61 MP: 6/6
  2717 | D:4      | Reached skill level 5 in Unarmed Combat
  3150 | D:5      | Entered Level 5 of the Dungeon
  3150 | D:5      | Noticed Edmund
  3166 | D:4      | Killed Edmund
  3203 | D:5      | Noticed a yak
  3204 | D:5      | Reached skill level 6 in Unarmed Combat
  3204 | D:5      | Noticed a yak
  3208 | D:5      | Noticed Pikel
  3208 | D:5      | Noticed a yak
  3210 | D:5      | Noticed a yak
  3228 | D:4      | Killed a yak
  3229 | D:4      | Reached XP level 7. HP: 22/68 MP: 7/7
  3350 | D:4      | Killed Pikel
  3351 | D:4      | Reached skill level 8 in Unarmed Combat
  3351 | D:4      | Reached XP level 8. HP: 55/78 MP: 8/8
  3409 | D:5      | Reached skill level 9 in Unarmed Combat
  3433 | D:4      | Reached skill level 10 in Unarmed Combat
  3553 | D:5      | Reached XP level 9. HP: 85/85 MP: 9/9
  3726 | D:4      | D:5 uphatch leads to eastern D:4; seems perfectly viable
                  | for orbrun.
  3818 | D:5      | Reached skill level 1 in Dodging
  3993 | D:5      | Found a staircase to the Ecumenical Temple.
  4001 | D:5      | Identified the +5 trident of Megalomania {flame, *Noise Fly
                  | rPois Dex+2}
  4027 | D:5      | Temple and randart trident in western area.
  4028 | Temple   | Entered the Ecumenical Temple
  4029 | Temple   | Temple: circle with deep water bands.
  4407 | D:6      | Reached skill level 11 in Unarmed Combat
  4465 | D:6      | Found a snail-covered altar of Cheibriados.
  4467 | D:6      | Found a shimmering altar of Xom.
  4470 | D:6      | Found a blossoming altar of Fedhas.
  4471 | D:6      | Found a basalt altar of Yredelemnul.
  4471 | D:6      | Found a bloodstained altar of Trog.
  4472 | D:6      | Found a hide-covered altar of Uskayaw.
  4473 | D:6      | Found a glowing silver altar of Zin.
  4475 | D:6      | Found an opulent altar of Gozag.
  4476 | D:6      | Found a shadowy altar of Dithmenos.
  5079 | D:7      | Found a stormy altar of Qazlal.
  5387 | D:7      | Noticed Joseph
  5402 | D:7      | Killed Joseph
  5938 | D:8      | Reached skill level 12 in Unarmed Combat
  5983 | D:8      | Reached skill level 5 in Fighting
  5987 | D:8      | Zombie floor.
  6202 | D:8      | Reached XP level 10. HP: 92/94 MP: 10/10
  6249 | D:8      | Reached skill level 13 in Unarmed Combat
  6267 | D:8      | Noticed an orange demon
  6267 | D:8      | Noticed a tengu warrior
  6801 | D:8      | Neat forest + stone wall vault at center of floor. Kobold
                  | demonologist and tengu warrior came from here.
  6849 | D:8      | Reached skill level 14 in Unarmed Combat
  7147 | D:8      | Killed a tengu warrior
  7412 | D:9      | Noticed a two-headed ogre
  7428 | D:8      | Reached XP level 11. HP: 70/105 MP: 11/11
  7544 | D:9      | Found a runed translucent door.
  7546 | D:9      | Noticed a two-headed ogre
  7608 | D:9      | Killed a two-headed ogre
  7609 | D:9      | Reached skill level 1 in Shields
  7609 | D:9      | Reached skill level 15 in Unarmed Combat
  7721 | D:9      | Noticed a boulder beetle
  7814 | D:9      | Found a staircase to the Orcish Mines.
  7888 | D:9      | Killed a two-headed ogre
  8005 | D:9      | Killed a boulder beetle
  8210 | D:9      | Noticed a deep elf pyromancer
  8227 | D:9      | Killed a deep elf pyromancer
  8228 | D:9      | Noticed a deep elf pyromancer
  8243 | D:9      | Killed a deep elf pyromancer
  8350 | D:9      | Noticed a centaur warrior
  8359 | D:9      | Killed a centaur warrior
  8360 | D:9      | Reached skill level 16 in Unarmed Combat
  8390 | D:9      | Dangerous vault in southwest.
  8399 | D:9      | Identified the amulet "Lyakel" {RegenMP rF+ Str-2 Slay+2
                  | Stlth+}
  8513 | Orc:1    | Entered Level 1 of the Orcish Mines
  8515 | Orc:1    | Noticed Fannar
  8536 | D:9      | Killed Fannar
  8612 | Orc:1    | Noticed Nergalle
  8647 | D:10     | Entered Level 10 of the Dungeon
  8818 | D:10     | Reached skill level 1 in Throwing
  8986 | D:10     | Found a staircase to the Lair.
  9168 | D:10     | Found Orubyis's Assorted Antiques.
  9174 | D:10     | Bought a scroll of teleportation for 99 gold pieces
  9174 | D:10     | Bought a scroll labelled IHYIKKAUJO for 33 gold pieces
  9807 | Lair:1   | Entered Level 1 of the Lair of Beasts
  9837 | Lair:1   | Reached XP level 12. HP: 99/115 MP: 12/12
 10017 | Lair:1   | Reached skill level 17 in Unarmed Combat
 10159 | Lair:1   | Found a dark tunnel.
 10168 | Lair:1   | Volcano entrance in west.
 10169 | Volcano  | Entered a volcano
 10220 | Volcano  | Found a burning altar of Makhleb.
 10326 | Volcano  | Noticed a fire dragon
 10338 | Volcano  | Killed a fire dragon
 11125 | Lair:1   | Reached skill level 18 in Unarmed Combat
 11387 | Lair:2   | Reached skill level 5 in Shields
 11479 | Lair:2   | Found a transporter.
 11480 | Lair:2   | Noticed middlethird's ghost (journeyman VSNe)
 11501 | Lair:2   | Found a transporter.
 11504 | Lair:2   | Noticed a five-headed hydra
 11514 | Lair:2   | Killed a five-headed hydra
 11520 | Lair:2   | Found a staircase to the Swamp.
 11524 | Lair:2   | Finally, Swamp again.
 11533 | Lair:2   | HP: 5/118 [bog body (11)]
 11533 | Lair:2   | Slain by a bog body

Illustrated notes ~≈## #####+#~≈≈## #>.....≈≈≈≈. #......~≈≈≈~ #......≈≈≈≈~ #.......~≈≈≈ #.......~≈≈~ #...@...~~≈~ #.......~~≈~ #.......~≈≈≈ #<.......≈≈≈ ##########≈≈ ≈ Turn 5 on D:1: Book of Spatial Translocations .. #....######.## # ..##....##...... # ............... # ..!.....##...# # ...#....##...########### ........##.............' #######................# #~~~~B#†.........####### #~~∩~B+@.........# #~~~~B#.####'##### #######.##...## ........'.....+ ...+....#.....# .. #....#.....# . #....##...## #....##...# #.........# Turn 2500 on D:4: Sewer entrance at center of floor. ......[...# ..##......# ..##...)..# ..##..##.######## ..##..###.......# ..#...+...#.....# ..#...#...+....)## ..#...#...#......# ..#<..#...#.....@# ..##..#...#......# ..##..##.###.##.## ..##..##.###'#### ..#...........# ..##..........# ..##..........# ..##..##.###.#### ..##..##.###....# Turn 3726 on D:4: D:5 uphatch leads to eastern D:4; seems perfectly viable for orbrun. #.####..##..........#.# # #.#.....##.##.#######.# #### ##.#.###..############## #)). ...#.# ####...#...#...# #)## ##.#.# #....⌠...⌠.#.⌠.# #.# #.#.###.##...#...#...# #.# #........######.###(## #.# #.#.######...#...#...# ###.# #.#.# #.⌠...@...⌠.# ##.#.# #.#.######...#...#...# ##....## #.#......##.###.###.#####....... #.########...#...#)..#..>......# #.# #.⌠.#.⌠.#.⌠.####...[.## #.# #...#...#...# ##...## #.# ############# ##.## #.# #.# #.# #.# Turn 4027 on D:5: Temple and randart trident in western area. ######### ##._.⌠._.## ##_......._## ##...≈≈.≈≈...## #8..≈.≈.≈.≈..8# #..≈..≈.≈..≈..# #_.≈≈≈...≈≈≈._# #......@......# #_.≈≈≈...≈≈≈._# #..≈..≈.≈..≈..# #⌠..≈.≈.≈.≈..⌠# ##...≈≈.≈≈...## ##_......._## ##._.8._.## ######### Turn 4029 on Temple: Temple: circle with deep water bands. #. #.# ..... #.##.# .... .## #.##.# ...##.. #.##.##### ..#..# # ##......... #P.PP# #.#.....####. #.P..###.#.#......# #.....##.......##.# #P.@..####.#.#..# # ####..# #.#.#.## #.## #......#. #.# #........ #.#####...8..## #.............. #######......## #....### ###### Turn 5987 on D:8: Zombie floor. ♣.♣♣.♣♣.♣.♣.♣♣♣.♣♣ ♣.♣.♣.♣.♣.♣♣♣...♣# ♣...♣.♣.♣.......# ♣.♣.♣.♣.♣.♣#♣...♣# ♣.♣♣.♣♣.♣.♣.#♣♣.♣♣ ###############)### .....## #.....# ..b....#♣♣#.♣♣♣.# .o~.[.).[.@.♣ ♣.# .{.....#♣♣#.♣♣♣.# ....... .....## #..)).# ......... ###### ### ###[### ......... ♣♣))).♣ ♣♣.♣♣♣.♣[♣.# ........ ♣♣.♣♣..♣♣♣.♣.♣♣..♣..# ....... ♣..♣♣...♣.♣♣♣.b..b..# #..... ♣.♣♣.♣♣♣♣.♣♣ ♣♣♣..♣..# # #..... ♣♣ ♣♣...♣♣♣ ♣.♣.♣.#.# #..... Turn 6801 on D:8: Neat forest + stone wall vault at center of floor. Kobold demonologist and tengu warrior came from here.

...#...# ....##...##.............
.......##...##..#.)##............
...........##..###[.##...........
...#...##.##..## ##..##..........
......##.##..## ##..##.........
#.##..#...##..## ##..##........
#####.)##..##..#+# ##..##.......
#...##.)##...## ##..........
####.##..##.@)# ##.........
##.##e.##}## #..........
##.##..### #........... ##.##..#
#............ ##.##...
#.............
##.##.##..#...........
##.###...............
##..#.#..............
#....#.#.............


Turn 8390 on D:9: Dangerous vault in southwest. ##...#........ ###.............
###P#..###...).... .. #........††....... #... #.###.###.†.##.#.. #.. #.# ###
#.#[#..#.. #..# #### #.#..#.... #..(####.## #....#.... #...#...@# #.#..#.#..
#..†..## ##......... #...#########..#...>... ##.###.......>...##.#.#
#.####.##.##.###.# ..## ##.....##.#### #..#.## #.....######.# ..## . ####### #.#
#.# . #.## #.# Turn 10168 on Lair:1: Volcano entrance in west. #.........#.....
#.........###..## .... ##.........#....# ...... #.........##..P# ......
......#........###...... ....P###.......P#....... ##... #.....#..##....... ...
#...##...#.#...... #..........@....... #...♣~§§........... #..~♣§~~..P#...#...
...♣§§§n..##P...... .§§§§§..# ...##.. ..§♣~...# #...# . ......... ...# ..#P..
..#. Turn 11524 on Lair:2: Finally, Swamp again.

Levels and vault maps discovered:
D:1:      lemuel_arrival_river_passageway, layout_loops_cross,
          minmay_worlds_worst_comb
D:2:      layout_loops_ring, minivault_25, chequers_mini_garden, uniq_robin
D:3:      layout_basic, minmay_puff
D:4:      layout_gridville, gup_sewer_entry_glass
D:5:      layout_loops_ring, minmay_temple_entry_nine_rooms, uniq_edmund,
          uniq_pikel
D:6:      layout_basic, minitemple
D:7:      layout_basic, lemuel_doored_altar, uniq_joseph
D:8:      nzn_winding_woodlands_medium [nzn_winding_woodlands_5x5_closed_star,
          nzn_winding_woodlands_5x15_crooked, nzn_winding_woodlands_hourglass,
          nzn_winding_woodlands_5x5_cross, nzn_winding_woodlands_center_garden,
          nzn_winding_woodlands_5x5_perimeter, nzn_winding_woodlands_5x5_three,
          nzn_winding_woodlands_5x15_split_checker,
          nzn_winding_woodlands_5x5_open_star], layout_basic, serial_undead,
          serial_undead_b, serial_undead_d, serial_undead_d, serial_undead_b,
          serial_undead_b, serial_undead_f, serial_undead_c, serial_undead_e
D:9:      layout_cross, orc_david_3, minmay_st_funbox, minmay_diamond_spiral
D:10:     layout_basic, lair_entry_dummy, serial_shops, nicolae_shop_trees
Temple:   nicolae_temple_no_exploring_needed
Lair:1:   minmay_lair_oklob_tunnel, layout_loops_ring, enter_volcano_2
Lair:2:   layout_long_grid, skrybe_swamp_entry_bodies,
          portal_ice_cave_entry_ice_simulacra, gammafunk_ghost_abyssal_escape,
          grunt_megastairs_4, lemuel_fruit_tree, serial_bayou_shore_b,
          uniq_maggie
Orc:1:    layout_caves, ebering_ghost_gozag, minmay_orc_temple_b, uniq_nergalle,
          uniq_fannar

Skill      XL: |  1  2  3  4  5  6  7  8  9 10 11 12 |
---------------+-------------------------------------+-----
Unarmed Combat | 1 2 3 4 6 8 10 12 14 16 18 | 18.0
Fighting       | 3 4 5 6 7 |  7.1
Dodging        | 2 4 |  4.6
Shields        | 3 5 |  5.3
Throwing       | 1 |  1.0
Long Blades    | |  2.4
Spellcasting   | |  1.0
Fire Magic     | |  2.1

Action                     |  1- 3 |  4- 6 |  7- 9 | 10-12 || total
---------------------------+-------+-------+-------+-------++-------
  Melee: Unarmed           |   120 |   229 |   194 |   614 ||  1157
         Punch             |     1 |     1 |    12 |     4 ||    18
         Trident           |       |       |       |     8 ||     8
  Throw: Dart              |       |       |       |     5 ||     5
 Invoke: Fiery Armour      |       |       |       |     1 ||     1
  Evoke: Wand              |       |       |       |     1 ||     1
    Use: Scroll            |       |     9 |     4 |    11 ||    24
         Potion            |       |       |     1 |     5 ||     6
   Stab: Sleeping          |       |       |       |     4 ||     4
 Armour: Robe              |    43 |   122 |    69 |    35 ||   269
         Steam dragon scal |       |       |       |   186 ||   186
  Dodge: Dodged            |    48 |   119 |    87 |   212 ||   466
  Block: Kite shield       |       |       |       |   123 ||   123
